 Dungeon Crawl Stone Soup version 0.30.0-29-ga12c61a403 (webtiles) character file.

Game seed: 301710523140252154

4751 Graphine the Pandemonic (level 10, -1/80 HPs)
             Began as a Demonspawn Monk on June 24, 2023.
             Was a High Priest of Makhleb.
             Slain by a yak (10 damage)
             ... on level 9 of the Dungeon.
             The game lasted 00:15:10 (5832 turns).

Graphine the Pandemonic (Demonspawn Monk)           Turns: 5832, Time: 00:15:11

Health: -1/80      AC: 12    Str: 11    XL:     10   Next: 23%
Magic:  17/17      EV: 16    Int: 12    God:    Makhleb [*****.]
Gold:   190        SH:  0    Dex: 24    Spells: 9/9 levels left

rFire   + . .        a - +3 great sword
rCold   . . .        (shield currently unavailable)
rNeg    . . .        p - +3 leather armour {rPois}
rPois   +            w - +0 helmet
rElec   .            n - +0 cloak
rCorr   .            (no gloves)
SInv    .            (no boots)
Will    .....        m - amulet of faith
Stlth   ++++++       y - +4 ring of protection
HPRegen 1.33/turn    e - ring of protection from fire
MPRegen 0.15/turn

%: faith
@: mighty
A: thin skeletal structure 2, powered by death 2, powered by pain 1
a: Renounce Religion, Minor Destruction, Lesser Servant of Makhleb, Major
Destruction, Greater Servant of Makhleb


You were on level 9 of the Dungeon.
You worshipped Makhleb.
Makhleb was extremely pleased with you.
You visited 1 branch of the dungeon, and saw 9 of its levels.

You collected 310 gold pieces.
You spent 120 gold pieces at shops.

Inventory:

Hand Weapons
 a - a +3 great sword (weapon)
Missiles
 g - 7 javelins
Armour
 n - a +0 cloak (worn)
 p - a +3 leather armour of poison resistance (worn)
 w - a +0 helmet (worn)
Jewellery
 e - a ring of protection from fire (right hand)
 m - an amulet of faith (around neck)
 y - a +4 ring of protection (left hand)
 z - a +6 ring of intelligence
 D - a ring of wizardry
Wands
 o - a wand of flame (19)
 s - a wand of mindburst (3)
 u - a wand of roots (1)
 A - a wand of paralysis (6)
 E - a wand of digging (4)
Scrolls
 q - a scroll of fog
 r - 2 scrolls of teleportation
 B - a scroll of poison
 C - a scroll of vulnerability {unknown}
Potions
 b - 2 potions of curing
 d - 2 potions of degeneration
 f - 4 potions of flight
 h - a potion of cancellation
 i - 3 potions of resistance
 j - 2 potions of lignification
 k - 3 potions of attraction
 l - 3 potions of brilliance {unknown}
 t - 2 potions of heal wounds {unknown}
 v - a potion of mutation {unknown}
 x - a potion of haste {unknown}


   Skills:
 * Level 7.7 Fighting
 + Level 5.7 Long Blades
 + Level 3.4 Armour
 + Level 5.6 Dodging
 * Level 6.3 Stealth
 * Level 9.9 Invocations


You had 9 spell levels left.
You didn't know any spells.
Your spell library contained the following spells:

 Spells                   Type           Power      Damage    Failure   Level
 Sublimation of Blood     Necr           0%         N/A       54%         2
 Wereblood                Tmut           0%         N/A       54%         2
 Gell's Gravitas          Tloc           0%         N/A       77%         3
 Hailstorm                Conj/Ice       0%         3d3       77%         3
 Teleport Other           Tloc           0%         N/A       77%         3
 Ice Form                 Ice/Tmut       0%         N/A       99%         4
 Petrify                  Tmut/Erth      0%         N/A       99%         4
 Irradiate                Conj/Tmut      0%         3d11      100%        5
 Conjure Ball Lightning   Conj/Air       0%         3x3d6     100%        6
 Dispersal                Tloc           0%         N/A       100%        6
 Simulacrum               Ice/Necr       0%         N/A       100%        6
 Summon Hydra             Summ           0%         N/A       100%        7
 Discord                  Hex            0%         N/A       100%        8
 Disjunction              Tloc           0%         N/A       100%        8


Dungeon Overview and Level Annotations

Branches:
Dungeon (9/15)             Temple (0/1) D:5
   Lair: D:8-11         Orc: D:9-12

Altars:
Makhleb
Nemelex Xobeh
Vehumet
Yredelemnul

Shops:
D:3 *?   D:5 [*!

Annotations:
D:3 1 runed translucent door


Innate Abilities, Weirdness & Mutations

You have a moderately thin skeletal structure. (Dex +4, Stealth++)
You regenerate health from kills.
You sometimes gain a little power by taking damage.


Message History

You barely miss the yak.
The yak is severely wounded.
You feel less invigorated.
You feel less confused. The yak misses you. The yak barely misses you.
The yak closely misses you. The yak gores you.
* * * LOW HITPOINT WARNING * * *
The yak gores you.
* * * LOW HITPOINT WARNING * * *
The yak barely misses you. The yak closely misses you. The yak gores you!
* * * LOW HITPOINT WARNING * * *
Unknown command.
Okay, then.
You feel better. The yak closely misses you. The yak gores you.
* * * LOW HITPOINT WARNING * * *
The yak gores you but does no damage. The yak closely misses you.
Okay, then.
Okay, then.
You feel better.
The yak barely misses you. x2; The yak gores you.
* * * LOW HITPOINT WARNING * * *
The yak closely misses you.
Hit: a) +3 great sword
Press: ? - help, Dir - move target, f - yak
Aim: a yak (severely wounded, about 24% to evade your +3 great sword)
You slash the yak!
You kill the yak!
Makhleb accepts your kill.
You feel better. The yak closely misses you. The yak misses you.
The yak gores you but does no damage.
Hit: a) +3 great sword
Press: ? - help, Dir - move target, f - yak
Aim: a yak (about 24% to evade your +3 great sword)
You slice the yak!!
The yak is heavily wounded.
The yak gores you.
* * * LOW HITPOINT WARNING * * *
The yak barely misses you. The yak gores you.
* * * LOW HITPOINT WARNING * * *
The yak closely misses you. The yak gores you!
You die...

#.. #..# #..# # #..#
.# #.. #..###.# #...
#......#
#...##..Y†..#
........@# .#
.......YY##.#
.........##.#
.........##.#
.........##.#
#...........##.#
#...........##.#
.#####.>............#
....................#


You could see 3 yaks.

Vanquished Creatures
  Pikel (D:8)
  Maurice (D:8)
  Grinder (D:4)
  3 shadows
  3 yaks (D:9)
  A steam dragon (D:9)
  An acid dragon (D:8)
  A water moccasin (D:5)
  2 orc warriors (D:8)
  A black bear (D:7)
  An ogre (D:6)
  3 centaurs
  A phantom (D:5)
  A kobold brigand (D:8)
  A scorpion (D:6)
  7 wights
  8 killer bees
  2 howler monkeys (D:6)
  6 hounds
  3 orc priests
  Ijyb (D:4)
  A sleepcap (D:6)
  6 orc wizards
  5 gnolls
  3 adders
  A shadow imp (D:5)
  A white imp (D:7)
  An ufetubus (D:5)
  3 worms
  A dart slug (D:5)
  24 orcs
  5 bats
  4 endoplasms
  14 giant cockroaches
  6 hobgoblins
  2 jackals (D:2)
  8 kobolds
  3 quokkas
  4 ball pythons
  2 frilled lizards (D:1)
  6 goblins
  A jackal skeleton (D:3)
  4 rats
154 creatures vanquished.

Vanquished Creatures (collateral kills)
  A steam dragon (D:8)
  A lemure (D:8)
  A gnoll sergeant (D:7)
  2 orc priests (D:7)
  An orc wizard (D:7)
  A gnoll (D:7)
  3 orcs
10 creatures vanquished.

Vanquished Creatures (others)
  A bullfrog (D:8)
1 creature vanquished.

Grand Total: 165 creatures vanquished

Notes
Turn   | Place    | Note
-------+----------+-------------------------------------------
     0 | D:1      | Graphine the Demonspawn Monk began the quest for the Orb.
     0 | D:1      | Reached XP level 1. HP: 18/18 MP: 1/1
   241 | D:1      | Reached skill level 1 in Invocations
   327 | D:1      | Gained mutation: You regenerate a little health from kills.
                  | [demonic ancestry]
   327 | D:1      | Reached XP level 2. HP: 24/24 MP: 2/2
   859 | D:2      | Reached skill level 2 in Invocations
   898 | D:2      | Reached XP level 3. HP: 20/29 MP: 4/4
  1625 | D:3      | Noticed a human
  1626 | D:3      | Found a runed translucent door.
  1652 | D:3      | Found a basalt altar of Yredelemnul.
  1678 | D:3      | Gained mutation: You regenerate health from kills. [demonic
                  | ancestry]
  1678 | D:3      | Reached XP level 4. HP: 35/35 MP: 6/6
  1875 | D:3      | Found a radiant altar of Vehumet.
  1883 | D:3      | Found a burning altar of Makhleb.
  1886 | D:3      | Became a worshipper of Makhleb the Destroyer
  1886 | D:3      | Reached * piety under Makhleb
  1886 | D:3      | Reached ** piety under Makhleb
  1890 | D:3      | Found a sparkling altar of Nemelex Xobeh.
  1928 | D:3      | Found Pasesorr's Assorted Antiques.
  1936 | D:3      | Bought a scroll labelled RALUFR BONT for 25 gold pieces
  2014 | D:3      | Found The Oracle's Delphic Readings.
  2087 | D:3      | Reached skill level 3 in Invocations
  2368 | D:4      | Noticed Ijyb
  2375 | D:4      | Killed Ijyb
  2393 | D:4      | Noticed Grinder
  2402 | D:4      | Reached XP level 5. HP: 40/42 MP: 7/7
  2406 | D:4      | Reached skill level 4 in Invocations
  2417 | D:4      | Killed Grinder
  2418 | D:4      | Reached skill level 5 in Invocations
  2418 | D:4      | Gained mutation: You have a somewhat thin skeletal
                  | structure. (Dex +2, Stealth+) [demonic ancestry]
  2418 | D:4      | Reached XP level 6. HP: 48/48 MP: 8/10
  2461 | D:4      | Reached skill level 1 in Stealth
  2542 | D:4      | Identified the +0 robe of Serendipity {Drain Int+3 Dex+5}
  2587 | D:4      | Reached *** piety under Makhleb
  2761 | D:3      | Bought a scroll of enchant armour for 82 gold pieces
  2799 | D:5      | Entered Level 5 of the Dungeon
  2812 | D:5      | Reached XP level 7. HP: 55/55 MP: 11/11
  2873 | D:5      | Noticed a shadow
  2876 | D:5      | Killed a shadow
  2877 | D:5      | Reached skill level 6 in Invocations
  2911 | D:5      | Reached skill level 5 in Fighting
  3045 | D:5      | Found Boen's Assorted Antiques.
  3056 | D:5      | Found Weevis's Distillery.
  3057 | D:5      | Found Faetz's Armour Shop.
  3094 | D:5      | Found a staircase to the Ecumenical Temple.
  3261 | D:6      | Gained mutation: You sometimes gain a little power by
                  | taking damage. [demonic ancestry]
  3261 | D:6      | Reached XP level 8. HP: 62/62 MP: 11/13
  3273 | D:6      | Reached skill level 7 in Invocations
  3459 | D:5      | Bought a potion of degeneration for 13 gold pieces
  3573 | D:6      | Reached skill level 1 in Armour
  4181 | D:7      | Reached **** piety under Makhleb
  4305 | D:7      | Reached skill level 8 in Invocations
  4392 | D:7      | Gained mutation: You have a moderately thin skeletal
                  | structure. (Dex +4, Stealth++) [demonic ancestry]
  4392 | D:7      | Reached XP level 9. HP: 50/69 MP: 15/15
  4878 | D:8      | Reached skill level 5 in Long Blades
  4938 | D:8      | Reached skill level 5 in Dodging
  4954 | D:8      | Reached skill level 5 in Stealth
  4987 | D:8      | Noticed Maurice
  4992 | D:8      | Reached skill level 9 in Invocations
  4992 | D:8      | Noticed Pikel
  4999 | D:8      | Paralysed by Pikel for 2 turns
  5003 | D:8      | Reached ***** piety under Makhleb
  5004 | D:8      | Killed Pikel
  5013 | D:8      | Killed Maurice
  5014 | D:8      | Reached XP level 10. HP: 50/79 MP: 17/17
  5828 | D:9      | HP: 4/80 [yak (11)]
  5832 | D:9      | Slain by a yak

Illustrated notes

Levels and vault maps discovered:
D:1:      mrwooster_arrival_arrow, layout_loops_cross
D:2:      layout_loops_ring
D:3:      minmay_roachtagon, layout_loops_ring, dk_yredelemnul_ordeal,
          minitemple, serial_shops, shop, grunt_ministairs_10,
          nicolae_nh_oracle_at_delphi
D:4:      layout_rooms, uniq_grinder, uniq_ijyb
D:5:      layout_cave_pools, temple_pool_b, nicolae_shop_distant_corner_stores
D:6:      layout_gridville
D:7:      layout_loops_ring
D:8:      layout_cave_pods, item_on_display_a, uniq_maurice, uniq_pikel
D:9:      layout_long_grid, elyvilon_altar_3, serial_shops, shop

Skill      XL: |  1  2  3  4  5  6  7  8  9 |
---------------+----------------------------+-----
Invocations    | 1 2 3 5 6 8 9 |  9.9
Long Blades    | 3 4 5 |  5.7
Dodging        | 3 4 5 |  5.6
Fighting       | 4 5 6 7 |  7.7
Stealth        | 1 3 4 6 |  6.3
Armour         | 1 3 |  3.4

Action                     |  1- 3 |  4- 6 |  7- 9 | 10-12 || total
---------------------------+-------+-------+-------+-------++-------
  Melee: Falchion          |   108 |     2 |     1 |       ||   111
         Great sword       |       |       |    76 |    24 ||   100
  Throw: Javelin           |     7 |       |       |       ||     7
 Invoke: Minor Destruction |       |    98 |   172 |    13 ||   283
         Lesser Servant of |       |       |     2 |       ||     2
  Evoke: Wand              |       |       |       |     1 ||     1
    Use: Scroll            |     4 |     3 |     6 |     2 ||    15
         Potion            |       |       |       |     3 ||     3
   Stab: Sleeping          |       |       |     1 |       ||     1
 Armour: Robe              |    26 |     3 |       |       ||    29
         Leather armour    |       |     5 |    61 |    30 ||    96
  Dodge: Dodged            |    78 |    24 |   104 |    89 ||   295
